 Seeded DCSS version 0.30-a0-305-g026cb31310 (webtiles) character file.

Game seed: 16651028933629255492 (custom seed)

242 billz999 the Covert (level 5, 0/35 HPs)
             Began as a Vampire Earth Elementalist on Oct 21, 2022.
             Was a Believer of Dithmenos.
             Slain by Crazy Yiuf
             ... wielding a +3 quarterstaff of chaos
              (1 damage)
             ... on level 3 of the Dungeon.
             The game lasted 00:04:14 (2456 turns).

billz999 the Covert (Vampire Earth Elementalist)    Turns: 2456, Time: 00:04:15

Health: 0/35       AC:  3    Str:  7    XL:     5   Next: 82%
Magic:  8/8        EV: 12    Int: 20    God:    Dithmenos [**....]
Gold:   97         SH:  0    Dex: 14    Spells: 3/8 levels left

rFire   . . .      SeeInvis +    o - +0 dagger
rCold   . . .      Faith    .    (no shield)
rNeg    . . .      Spirit   .    a - +0 robe
rPois   .          Reflect  .    (no helmet)
rElec   .          Harm     .    h - +0 cloak
rCorr   .          Rampage  .    (no gloves)
Will    .....                    (no boots)
Stlth   +++++.....               (no amulet)
HPRegen 0.45/turn                (no ring)
MPRegen 0.11/turn                (no ring)

@: healing quickly, wreathed by umbra
A: alive, fangs 3, see invisible, vampiric 2
a: Exsanguinate, Renounce Religion, Shadow Step


You were on level 3 of the Dungeon.
You worshipped Dithmenos.
Dithmenos was pleased with you.
You visited 1 branch of the dungeon, and saw 3 of its levels.

You collected 97 gold pieces.

Inventory:

Hand Weapons
 e - a +0 mace
 o - a +0 dagger (weapon)
Missiles
 m - 13 poisoned darts
Armour
 a - a +0 robe (worn)
 h - a +0 cloak (worn)
Wands
 i - a wand of flame (18)
Scrolls
 c - 4 scrolls of teleportation {unknown}
 d - 4 scrolls of enchant armour {unknown}
 f - 3 scrolls of identify {unknown}
 j - a scroll of noise {unknown}
 k - a scroll of summoning {unknown}
 l - a scroll of poison {unknown}
Potions
 b - a potion of magic
 g - 2 potions of curing {unknown}
 n - a potion of resistance {unknown}
 p - 2 potions of heal wounds {unknown}


   Skills:
 - Level 2.3 Dodging
 * Level 8.0 Stealth
 - Level 2.0 Spellcasting
 + Level 3.6 Transmutations
 - Level 3.0 Earth Magic


You had 3 spell levels left.
You knew the following spells:

 Your Spells              Type           Power      Damage    Failure   Level
a - Sandblast             Erth           28%        2d8       4%          1
b - Petrify               Tmut/Erth      15%        N/A       36%         4

Your spell library contained the following spells:

 Spells                   Type           Power      Damage    Failure   Level
 Passwall                 Tmut/Erth      12%        N/A       6%          2
 Stone Arrow              Conj/Erth      16%        3d8       26%         3
 Inner Flame              Hex/Fire       2%         N/A       43%         3
 Flame Wave               Conj/Fire      2%         2d4       83%         4
 Sticky Flame             Conj/Fire      2%         2d3       83%         4


Dungeon Overview and Level Annotations

Branches:
Dungeon (3/15)

Altars:
Ashenzari
Dithmenos

Annotations:
D:3 Crazy Yiuf


Innate Abilities, Weirdness & Mutations

Your natural rate of healing is accelerated.
You have razor-sharp teeth.
You have supernaturally acute eyesight. (SInv)
You are afflicted with vampirism and can become a bat while bloodless.


Message History

You see here a rat corpse.
There is an open door here.
You see here a +0 spear.
An orc comes into view. It is wielding a +0 whip.
The orc shouts!
The orc throws a boomerang.
The boomerang misses you.
The orc throws a boomerang.
The boomerang hits you.
The orc throws a boomerang.
The boomerang barely misses you.
The orc throws a boomerang.
The boomerang barely misses you.
You hit the orc.
The orc is heavily wounded.
The orc misses you.
Casting: Sandblast (safe; 4% risk of failure)
Confirm with . or Enter, or press ? or * to list all spells.
Aiming: Sandblast (safe; 4% risk of failure)
Press: ? - help, Shift-Dir - straight line, f - orc
Aim: an orc, wielding a +0 whip and quivering boomerangs (heavily wounded, umbra, 82% to hit)
The blast of sand hits the orc.
You kill the orc!
Dithmenos accepts your kill.
Your Stealth skill increases to level 8!
There is an open door here.
You see here a rat corpse.
This spell is extremely dangerous to cast!
Memorise Petrify, consuming 4 spell levels and leaving 3?
You start memorising the spell.
You continue memorising. x4
You finish memorising.
Spell assigned to 'b'.
You open the door.
There is an open translucent door here.
Crazy Yiuf shouts!
Crazy Yiuf hits you with a +3 quarterstaff of chaos!
You hit Crazy Yiuf but do no damage.
Crazy Yiuf hits you with a +3 quarterstaff of chaos!
Crazy Yiuf freezes you.
* * * LOW HITPOINT WARNING * * *
Crazy Yiuf attacks as you move away!
Crazy Yiuf hits you with a +3 quarterstaff of chaos!
* * * LOW HITPOINT WARNING * * *
Crazy Yiuf burns you.
You die...

♣....♣ #..........#
♣...♣♣ #..........) ♣♣.♣♣
#.........)# ♣.♣♣
#..........# ♣♣.♣
#....###.### ♣.♣♣
#....###.# ♣♣.♣
#.....##.# # ##'##
#...#....### #.@.#
#######..##. #.g.# #.....
#..)# #...## ##### #...##
#...+. #############
#...#. #...........#
#...#.
###...)......<######...#.
#......................#.


You could see Crazy Yiuf.

Vanquished Creatures
  Sigmund (D:3)
  An adder zombie (D:2)
  5 dart slugs
  6 orcs (D:3)
  7 ball pythons
  5 bats
  7 endoplasms
  5 giant cockroaches
  3 goblins (D:3)
  3 hobgoblins (D:1)
  A quokka (D:2)
  A ball python skeleton (D:2)
  A ball python zombie (D:2)
  3 frilled lizards
  A giant cockroach zombie (D:2)
  5 kobolds
  6 rats
61 creatures vanquished.

Notes
Turn   | Place    | Note
-------+----------+-------------------------------------------
     0 | D:1      | billz999 the Vampire Earth Elementalist began the quest for
                  | the Orb.
     0 | D:1      | Reached XP level 1. HP: 13/13 MP: 3/3
   145 | D:1      | Found a faded altar of an unknown god.
   156 | D:1      | Prayed at the altar of an unknown god.
   156 | D:1      | Became a worshipper of Dithmenos the Shadowed
   156 | D:1      | Reached * piety under Dithmenos
   329 | D:1      | Reached XP level 2. HP: 19/19 MP: 3/5
   472 | D:1      | Reached skill level 4 in Stealth
   641 | D:1      | Reached ** piety under Dithmenos
   953 | D:2      | Gained mutation: You are afflicted with vampirism and can
                  | become a bat while bloodless. [Vampire growth]
   953 | D:2      | Reached XP level 3. HP: 24/24 MP: 4/6
  1257 | D:2      | Reached skill level 5 in Stealth
  1667 | D:3      | Found a broken altar of Ashenzari.
  1713 | D:3      | Reached XP level 4. HP: 30/30 MP: 5/7
  1951 | D:3      | Noticed Sigmund
  1960 | D:3      | Killed Sigmund
  1961 | D:3      | Reached skill level 7 in Stealth
  1961 | D:3      | Reached XP level 5. HP: 21/35 MP: 1/8
  2256 | D:3      | Found a runed translucent door.
  2257 | D:3      | Noticed Crazy Yiuf
  2351 | D:3      | Reached skill level 8 in Stealth
  2450 | D:3      | Learned a level 4 spell: Petrify
  2456 | D:3      | HP: 1/35 [Crazy Yiuf/+3 quarterstaff of chaos (9)]
  2456 | D:3      | Slain by Crazy Yiuf

Illustrated notes

Levels and vault maps discovered:
D:1:      nzn_arrival_depleted_hourglass, layout_loops_ring,
          hellmonk_ecumenical_altar_zigzags
D:2:      layout_basic, serial_undead, serial_undead_a, serial_undead_d,
          serial_undead_d, serial_undead_b
D:3:      layout_basic, mainiacjoe_overflow_cross_hatched,
          small_statue_intersection, st_stairs_10, uniq_crazy_yiuf_cottage,
          uniq_sigmund

Skill      XL: |  1  2  3  4  5 |
---------------+----------------+-----
Stealth        | 4 5 7 8 |  8.0
Transmutations | 2 3 |  3.6
Dodging        | |  2.3
Spellcasting   | |  2.0
Earth Magic    | |  3.0

Action                   |  1- 3 |  4- 6 || total
-------------------------+-------+-------++-------
Melee: Mace              |    10 |     1 ||    11
       Dagger            |       |     5 ||     5
 Cast: Sandblast         |    57 |    12 ||    69
 Stab: Sleeping          |     1 |     3 ||     4
Armor: Robe              |     6 |       ||     6
Dodge: Dodged            |    13 |     6 ||    19

Table legend: (Time is in decaauts)
 A = Elapsed time spent in this place.
 B = Non-inter-level travel time spent in this place.
 C = Inter-level travel time spent in this place.
 D = Time resting spent in this place.
 E = Time spent auto-exploring this place.
 F = Levels seen in this place.
 G = Mean time per level.
                   A        B        C        D        E       F      G
               +--------+--------+--------+--------+--------+-----+--------+
         Total |   2493 |   2419 |     74 |      0 |   2084 |   3 |  831.0 |
       Dungeon |   2493 |   2419 |     74 |      0 |   2084 |   3 |  831.0 |
               +--------+--------+--------+--------+--------+-----+--------+

Top non-repeatable levels by time:
     D:3: 1002 daAuts
     D:1: 938 daAuts
     D:2: 553 daAuts
